cohdb
Replays
Latest Replays
All Replays
Popular Replays
Top Player Replays
Match Explorer
How It Works
Community
CoH3 Stats
Reddit
Sign in to upload your games and track your stats! →
Sign in with Steam
Match 47464345
Unlisted
Match 47464345
Overview
Messages
Build Orders
End
Construct Barracks
Riflemen Squad
Selects Special Operations Battlegroup
Riflemen Squad
Riflemen Squad
Infantry Support Center
Grenade Package
Construct Medical Station
Construct Medical Station
Selects Raiding Flares
Construct Motor Pool
Selects SSF Commando Squad
SSF Commando Squad
M1 Anti-tank Gun Team
Advanced Logistics
M1918 Browning Automatic Rifles
SSF Commando Squad
Construct Tank Depot
Selects M29 Weasel with M1 Pack Howitzer
M4(105) Sherman Bulldozer
ttheadventure
Kable
p00k
Crafty776
HaRdy
Isegrim
0
0
Comments
sign in to comment!
No comments posted yet!